 Dungeon Crawl Stone Soup version 0.28.0-43-g3370ac3207 (webtiles) character file.

Game seed: 13505508915805834089

77 Ablot the Grasshopper (level 4, -3/38 HPs)
             Began as a Gnoll Warper on Mar 14, 2022.
             Killed by divine providence
             ... invoked by an orc priest
              (14 damage)
             ... on level 2 of the Dungeon.
             The game lasted 00:03:16 (2902 turns).

Ablot the Grasshopper (Gnoll Warper)                Turns: 2902, Time: 00:03:17

Health: -3/38      AC:  6    Str: 12    XL:     4   Next: 33%
Magic:  10/11      EV: 12    Int: 13    God:
Gold:   139        SH:  5    Dex: 11    Spells: 10/13 levels left

rFire   . . .      SeeInvis .   a - +0 spear
rCold   . . .      Faith    .   (no shield)
rNeg    . . .      Spirit   .   b - +0 leather armour
rPois   .          Reflect  +   l - +0 helmet
rElec   .          Harm     .   g - +0 cloak
rCorr   .          Rampage  .   (no gloves)
Will    .....                   f - +0 pair of boots
Stlth   +.........              k - amulet of reflection
HPRegen 0.12/turn               e - ring of wizardry
MPRegen 0.12/turn               (no ring)

@: no status effects
A: fangs 1, strong nose, distributed training
a: no special abilities


You were on level 2 of the Dungeon.
You visited 1 branch of the dungeon, and saw 3 of its levels.

You collected 139 gold pieces.

Inventory:

Hand Weapons
 a - a +0 spear (weapon)
Missiles
 d - 5 boomerangs of dispersal (quivered)
 h - 17 bolts
 j - 72 stones
Armour
 b - a +0 leather armour (worn)
 f - a +0 pair of boots (worn)
 g - a +0 cloak (worn)
 l - a +0 helmet (worn)
Jewellery
 e - a ring of wizardry (left hand)
 k - an amulet of reflection (around neck)
Scrolls
 c - a scroll of blinking
 i - 2 scrolls of identify {unknown}
Potions
 m - a potion of curing {unknown}


   Skills:
 + Level 4.6 Fighting
 + Level 1.1 Short Blades
 + Level 1.1 Long Blades
 + Level 1.1 Axes
 + Level 1.1 Maces & Flails
 + Level 4.6 Polearms
 + Level 1.1 Staves
 + Level 1.1 Slings
 + Level 1.1 Bows
 + Level 1.1 Crossbows
 + Level 2.7 Throwing
 + Level 2.7 Armour
 + Level 4.6 Dodging
 + Level 1.1 Stealth
 + Level 1.1 Shields
 + Level 1.1 Unarmed Combat
 + Level 5.0 Spellcasting
 + Level 0.8 Conjurations
 + Level 0.8 Hexes
 + Level 0.8 Summonings
 + Level 0.8 Necromancy
 + Level 5.4 Translocations
 + Level 0.8 Transmutations
 + Level 0.8 Fire Magic
 + Level 0.8 Ice Magic
 + Level 0.8 Air Magic
 + Level 0.8 Earth Magic
 + Level 0.8 Poison Magic
 + Level 1.2 Invocations
 + Level 1.1 Evocations


You had 10 spell levels left.
You knew the following spells:

 Your Spells              Type           Power      Damage    Failure   Level
a - Blink                 Tloc           34%        N/A       1%          2
b - Animate Skeleton      Necr           10%        N/A       7%          1

Your spell library contained the following spells:

 Spells                   Type           Power      Damage    Failure   Level
 Apportation              Tloc           34%        N/A       1%          1
 Gell's Gravitas          Tloc           17%        N/A       3%          3
 Lesser Beckoning         Tloc           17%        N/A       3%          3
 Teleport Other           Tloc           17%        N/A       3%          3
 Summon Small Mammal      Summ           20%        N/A       7%          1
 Manifold Assault         Tloc           17%        N/A       26%         5


Dungeon Overview and Level Annotations

Branches:
Dungeon (3/15)

Altars:


Innate Abilities, Weirdness & Mutations

You have very sharp teeth.
Your uncanny sense of smell can sniff out nearby items.
Your experience applies equally to all skills.


Message History

Confirm with . or Enter, or press ? or * to list all spells.
There is nothing nearby to animate!
Unknown command.
The orc priest hits your orc skeleton with a +0 whip.
Your orc skeleton is destroyed!
You closely miss the gnoll. The gnoll closely misses you.
Unknown command.
The gnoll hits your orc priest skeleton with a +0 flail!
Your orc priest skeleton is destroyed!
Unknown command.
You completely miss the orc priest. The orc priest barely misses you.
Unknown command.
You closely miss the orc priest. The orc priest hits you with a +0 whip.
You barely miss the orc priest. The gnoll hits you with a +0 flail!
* * * LOW HITPOINT WARNING * * *
Unknown command.
The orc priest hits you with a +0 whip.
* * * LOW HITPOINT WARNING * * *
You hit the orc priest.
The orc priest is moderately wounded.
Unknown command.
You barely miss the orc priest.
You bite the orc priest, but do no damage.
The orc priest is moderately wounded.
The gnoll hits you but does no damage.
The orc priest looks encouraged for a moment.
Unknown command.
You hit the orc priest. You bite the orc priest.
The orc priest is heavily wounded.
The gnoll closely misses you. The orc priest barely misses you.
Unknown command.
You hit the orc priest but do no damage.
The orc priest is heavily wounded.
You block the gnoll's attack. The orc priest closely misses you.
You closely miss the orc priest.
The orc priest is heavily wounded.
The gnoll barely misses you.
The orc priest calls down the wrath of Beogh upon you.
Beogh smites you!
You die...

.#..#####......# #.#.......##....
.#..#.###......# #.######...#....
.#....#.......####.# ##.......
.##.#.#.###...#....########......
....#.#..##.##..........# #.#....
#####.#..#8.8#..........# #.#....
# #.#.................###.#....
#.#..#8.8#.g.......<'...#.#..
####'#..##.##.o@.......#####.#..
#............)############.#....
#...........)># #....#....
#...........[.# #.##.###..
#########.....# #.##......
########....### #.########
##.............#######.##..>...
#.....###########......##<#####
#.....###########.#######......


You could see an orc priest and a gnoll.

Vanquished Creatures
  An orc priest (D:2)
  A worm (D:2)
  A dart slug (D:1)
  3 orcs (D:2)
  3 bats
  2 endoplasms
  A goblin (D:1)
  3 hobgoblins
  4 jackals (D:1)
  3 quokkas (D:1)
  4 ball pythons
  5 frilled lizards
  3 kobolds (D:1)
  4 rats
38 creatures vanquished.

Vanquished Creatures (collateral kills)
  A goblin (D:3)
1 creature vanquished.

Grand Total: 39 creatures vanquished

Notes
Turn   | Place    | Note
-------+----------+-------------------------------------------
     0 | D:1      | Ablot the Gnoll Warper began the quest for the Orb.
     0 | D:1      | Reached XP level 1. HP: 20/20 MP: 6/6
   137 | D:1      | Reached XP level 2. HP: 23/26 MP: 7/7
   140 | D:1      | Learned a level 2 spell: Blink
   450 | D:1      | Found a faded altar of an unknown god.
   917 | D:1      | Reached XP level 3. HP: 31/31 MP: 9/9
   928 | D:1      | Reached skill level 5 in Spellcasting
  1667 | D:2      | Learned a level 1 spell: Animate Skeleton
  1908 | D:2      | Reached skill level 1 in Invocations
  2476 | D:2      | Reached skill level 1 in Short Blades
  2476 | D:2      | Reached skill level 1 in Long Blades
  2476 | D:2      | Reached skill level 1 in Axes
  2476 | D:2      | Reached skill level 1 in Maces & Flails
  2476 | D:2      | Reached skill level 1 in Staves
  2476 | D:2      | Reached skill level 1 in Slings
  2476 | D:2      | Reached skill level 1 in Bows
  2476 | D:2      | Reached skill level 1 in Crossbows
  2476 | D:2      | Reached skill level 1 in Stealth
  2476 | D:2      | Reached skill level 1 in Shields
  2476 | D:2      | Reached skill level 1 in Unarmed Combat
  2476 | D:2      | Reached skill level 1 in Evocations
  2476 | D:2      | Reached XP level 4. HP: 13/38 MP: 11/11
  2902 | D:2      | Killed from afar by an orc priest

Illustrated notes

Levels and vault maps discovered:
D:1:      saegor_arrival_simple_a, layout_loops_ring,
          shapermc_ecumenical_altar_flowoftime, nrook_loot_triangle,
          st_stairs_6, minmay_cut_off
D:2:      layout_basic, small_statue_intersection, hangedman_decor_growths,
          minmay_misc_feat_iff, minmay_misc_feat_columns
D:3:      layout_basic, ebering_ghost_rock_garden, hex_large, st_stairs_4

Skill      XL: |  1  2  3 |
---------------+----------+-----
Spellcasting   | 5 |  5.0
Invocations    | 1 |  1.2
Short Blades   | 1 |  1.1
Long Blades    | 1 |  1.1
Axes           | 1 |  1.1
Maces & Flails | 1 |  1.1
Staves         | 1 |  1.1
Slings         | 1 |  1.1
Bows           | 1 |  1.1
Crossbows      | 1 |  1.1
Stealth        | 1 |  1.1
Shields        | 1 |  1.1
Unarmed Combat | 1 |  1.1
Evocations     | 1 |  1.1
Fighting       | |  4.6
Polearms       | |  4.6
Throwing       | |  2.7
Armour         | |  2.7
Dodging        | |  4.6
Conjurations   | |  0.8
Hexes          | |  0.8
Summonings     | |  0.8
Necromancy     | |  0.8
Translocations | |  5.4
Transmutations | |  0.8
Fire Magic     | |  0.8
Ice Magic      | |  0.8
Air Magic      | |  0.8
Earth Magic    | |  0.8
Poison Magic   | |  0.8

Action                   |  1- 3 |  4- 6 || total
-------------------------+-------+-------++-------
Melee: Spear             |   153 |    20 ||   173
       Bite              |    17 |     3 ||    20
       Punch             |     2 |       ||     2
 Cast: Animate Skeleton  |     1 |     2 ||     3
 Stab: Sleeping          |     2 |       ||     2
Armor: Leather armour    |    29 |     7 ||    36
Dodge: Dodged            |    60 |    12 ||    72
Block: Other             |     7 |     5 ||    12
